 Dungeon Crawl Stone Soup version 0.31-a0-521-gc7390f8997 (webtiles) character file.

Game seed: 15106059772910454252

877 MisterAzrael the Conjurer (level 7, -5/36 HPs)
             Began as a Deep Elf Conjurer on Aug 10, 2023.
             Shot with an arrow by a centaur (20 damage)
             ... on level 6 of the Dungeon.
             The game lasted 00:11:55 (5823 turns).

MisterAzrael the Conjurer (Deep Elf Conjurer)       Turns: 5823, Time: 00:11:55

Health: -5/36      AC:  4    Str:  4    XL:     7   Next: 75%
Magic:  18/18      EV: 12    Int: 31    God:
Gold:   129        SH:  0    Dex: 13    Spells: 1/18 levels left

rFire   . . .        l - +6 short sword "Xillenun" {freeze, Fly rPois}
rCold   . . .        (no shield)
rNeg    . . .        a - +0 robe
rPois   +            G - +1 hat
rElec   .            A - scarf {repulsion}
rCorr   .            (no gloves)
SInv    .            H - +0 pair of boots
Will    .....        p - amulet of regeneration
Stlth   ++           g - +6 ring of intelligence
HPRegen 1.06/turn    (no ring)
MPRegen 0.16/turn

%: repel missiles
@: flying
A: no striking features
a: no special abilities


You were on level 6 of the Dungeon.
You visited 1 branch of the dungeon, and saw 6 of its levels.

You collected 297 gold pieces.
You spent 168 gold pieces at shops.

Inventory:

Hand Weapons
 l - the +6 short sword "Xillenun" (weapon) {freeze, Fly rPois}
   (You found it on level 2 of the Dungeon)

   rPois:     It protects you from poison Fly: It grants you flight.
 B - a +7 flail of protection
 D - the +8 dagger of Soriaxuo {speed, rElec}
   (You found it on level 5 of the Dungeon)

   rElec:     It insulates you from electricity.
Armour
 a - a +0 robe (worn)
 n - a +2 scale mail of fire resistance
 r - a +1 cloak
 A - a scarf of repulsion (worn)
 G - a +1 hat (worn)
 H - a +0 pair of boots (worn)
Magical Staves
 E - a staff of death
Jewellery
 g - a +6 ring of intelligence (left hand)
 o - an amulet of faith
 p - an amulet of regeneration (around neck)
 y - an amulet of guardian spirit
Wands
 k - a wand of roots (13)
 C - a wand of flame (5)
Scrolls
 h - a scroll of butterflies
 q - 3 scrolls of noise
 s - 2 scrolls of poison
 x - a scroll of enchant weapon
 z - a scroll of revelation
Potions
 b - a potion of magic
 d - 3 potions of enlightenment {unknown}
 e - a potion of berserk rage
 f - a potion of degeneration {unknown}
 i - a potion of heal wounds {unknown}
 j - a potion of haste {unknown}
 m - a potion of invisibility {unknown}
 t - a potion of attraction {unknown}
 u - 2 potions of lignification
 v - a potion of brilliance {unknown}
 F - 2 potions of curing {unknown}


   Skills:
 - Level 2.4 Dodging
 - Level 2.4 Stealth
 + Level 6.2 Spellcasting
 + Level 6.3 Conjurations
 + Level 4.3 Hexes
 + Level 3.5 Summonings
 * Level 4.9 Necromancy


You had one spell level left.
You knew the following spells:

 Your Spells              Type           Power      Damage    Failure   Level
a - Magic Dart            Conj           100%       1d8       1%          1
b - Searing Ray           Conj           96%        2d7       1%          2
c - Confusing Touch       Hex            36%        N/A       2%          3
d - Call Canine Familiar  Summ           31%        N/A       3%          3
e - Dispel Undead         Necr           40%        3d16      6%          4
f - Blink                 Tloc           18%        N/A       8%          2
g - Ensorcelled Hibernat  Hex/Ice        46%        N/A       3%          2

Your spell library contained the following spells:

 Spells                   Type           Power      Damage    Failure   Level
 Kiss of Death            Conj/Necr      100%       2d13      1%          1
 Summon Small Mammal      Summ           100%       N/A       1%          1
 Momentum Strike          Conj/Tloc      58%        3d9       1%          2
 Dazzling Flash           Conj/Hex       84%        N/A       1%          3
 Summon Guardian Golem    Hex/Summ       34%        N/A       3%          3
 Fulminant Prism          Conj/Hex       21%        3d12      5%          4
 Lesser Beckoning         Tloc           18%        N/A       8%          2
 Passwall                 Tmut/Erth      7%         N/A       8%          2
 Iskenderun's Mystic Bla  Conj/Tloc      29%        2d7       13%         4
 Swiftness                Air            9%         N/A       14%         3


Dungeon Overview and Level Annotations

Branches:
Dungeon (6/15)
 Temple: D:4-7

Altars:
Okawaru

Shops:
D:4 [


Message History

The searing ray hits the orc warrior!
The orc warrior is almost dead.
The searing ray hits the orc warrior!
The orc warrior is moderately wounded.
The orc warrior hits you from afar with a +0 glaive!
* * * LOW HITPOINT WARNING * * *
The adder barely misses you. The adder attacks as you move away!
The adder barely misses you.
The centaur shouts!
There is a stone staircase leading up here.
The adder bites you. The orc warrior barely misses you.
You fly upwards.
There is a stone staircase leading down here.
You miss the adder.
The adder is severely wounded.
The adder bites you. The adder bites you but does no damage.
You barely miss the adder.
The adder is severely wounded.
The adder bites you but does no damage.
You barely miss the adder.
The adder is severely wounded.
The adder bites you.
You puncture the adder! You freeze the adder.
You kill the adder!
You start resting.
HP restored.
You start resting.
Magic restored.
There is a stone staircase leading down here.
You fly downwards.
There is a stone staircase leading up, spattered with blood here.
You fly upwards.
There is a stone staircase leading down here.
You fly downwards.
The centaur wields a +1 heavy orcbow.
The centaur shoots an arrow.
The arrow hits you!!
Ouch! That really hurt!
The orc warrior barely misses you.
The centaur shoots an arrow.
The arrow hits you!!
Ouch! That really hurt!
You die...

..#. .# ...#
.# #..# .###
... ...
###.###.#
#.......#
#...#Yc##
⌠⌠...#.##.###
⌠..#.....@..#
.. #.####o#.#
. #. ..#.# .
#..# # ..
#... ....
#... ###..


You could see an orc warrior, an ice beast and a centaur.

Vanquished Creatures
  Edmund (D:4)
  A black bear (D:6)
  An ogre (D:5)
  A centaur (D:5)
  A phantom (D:5)
  2 scorpions
  2 hounds
  An orc priest (D:5)
  An iguana (D:3)
  6 adders
  4 gnolls (D:2)
  2 ufetubi
  4 worms (D:4)
  A dart slug (D:4)
  2 orcs (D:5)
  11 ball pythons
  3 bats (D:1)
  9 endoplasms
  3 giant cockroaches (D:1)
  6 hobgoblins
  2 jackals (D:3)
  5 kobolds
  A quokka (D:1)
  3 frilled lizards
  10 goblins
  5 rats
88 creatures vanquished.

Vanquished Creatures (collateral kills)
  2 orcs (D:5)
2 creatures vanquished.

Grand Total: 90 creatures vanquished

Notes
Turn   | Place    | Note
-------+----------+-------------------------------------------
     0 | D:1      | MisterAzrael the Deep Elf Conjurer began the quest for the
                  | Orb.
     0 | D:1      | Reached XP level 1. HP: 10/10 MP: 6/6
   369 | D:1      | Reached XP level 2. HP: 15/15 MP: 5/8
   950 | D:1      | Learned a level 2 spell: Searing Ray
   994 | D:1      | Reached skill level 5 in Conjurations
   994 | D:1      | Reached XP level 3. HP: 19/19 MP: 5/10
  1089 | D:1      | Learned a level 3 spell: Confusing Touch
  1194 | D:1      | Learned a level 3 spell: Call Canine Familiar
  1335 | D:2      | Identified the +6 short sword "Xillenun" {freeze, Fly
                  | rPois}
  1480 | D:2      | Reached skill level 1 in Hexes
  1512 | D:2      | Reached skill level 1 in Summonings
  1576 | D:2      | Reached XP level 4. HP: 24/24 MP: 8/12
  2480 | D:3      | Found an iron altar of Okawaru.
  2785 | D:3      | Found a faded altar of an unknown god.
  2870 | D:3      | Reached XP level 5. HP: 28/28 MP: 12/14
  2928 | D:3      | Learned a level 4 spell: Dispel Undead
  3047 | D:4      | Noticed Edmund
  3148 | D:4      | Reached skill level 1 in Necromancy
  3160 | D:4      | Reached skill level 5 in Spellcasting
  3509 | D:4      | Found Ippyteng's Armour Boutique.
  3556 | D:4      | Bought a scarf of repulsion for 168 gold pieces
  3678 | D:4      | Killed Edmund
  3679 | D:4      | Reached XP level 6. HP: 32/32 MP: 2/16
  3866 | D:5      | Entered Level 5 of the Dungeon
  4186 | D:5      | Noticed an orc warrior
  4226 | D:5      | Reached XP level 7. HP: 9/36 MP: 12/17
  4360 | D:5      | Identified the +8 dagger of Soriaxuo {speed, rElec}
  4389 | D:5      | Learned a level 2 spell: Blink
  4392 | D:5      | Learned a level 2 spell: Ensorcelled Hibernation
  5823 | D:6      | Shot with an arrow by a centaur

Illustrated notes

Levels and vault maps discovered:
D:1:      lemuel_arrival_muddy, layout_loops_cross, minmay_fountain_box,
          minmay_indecisive_spiral
D:2:      layout_basic
D:3:      layout_loops_ring, mainiacjoe_overflow_tiny_flanked,
          chequers_ecumenical_altar_simple, kennysheep_generic_room_3
D:4:      layout_loops_ring, temple_doors_e, serial_shops, shop,
          hellmonk_no_cap, uniq_edmund
D:5:      layout_basic
D:6:      layout_loops_ring, gammafunk_temple_overflow_wave,
          minmay_chambers_of_fives

Skill      XL: |  1  2  3  4  5  6  7 |
---------------+----------------------+-----
Spellcasting   | 4 5 6 |  6.2
Conjurations   | 5 6 |  6.3
Hexes          | 1 2 3 4 |  4.3
Summonings     | 1 2 3 |  3.5
Necromancy     | 3 4 |  4.9
Dodging        | |  2.4
Stealth        | |  2.4

Action                     |  1- 3 |  4- 6 |  7- 9 || total
---------------------------+-------+-------+-------++-------
  Melee: Unarmed           |     1 |       |       ||     1
         Short sword       |       |    21 |    11 ||    32
         Punch             |       |     1 |       ||     1
   Cast: Magic Dart        |    81 |    88 |    15 ||   184
         Searing Ray       |       |     8 |     4 ||    12
         Confusing Touch   |       |     1 |       ||     1
         Call Canine Famil |       |     3 |       ||     3
         Ensorcelled Hiber |       |       |     1 ||     1
    Use: Potion            |       |     1 |     1 ||     2
         Scroll            |       |       |     6 ||     6
   Stab: Sleeping          |       |     2 |     2 ||     4
         Confused          |       |     1 |       ||     1
 Armour: Robe              |     7 |     2 |     8 ||    17
  Dodge: Dodged            |    20 |    38 |    24 ||    82

Table legend: (Time is in decaauts)
 A = Elapsed time spent in this place.
 B = Non-inter-level travel time spent in this place.
 C = Inter-level travel time spent in this place.
 D = Time resting spent in this place.
 E = Time spent auto-exploring this place.
 F = Levels seen in this place.
 G = Mean time per level.
                   A        B        C        D        E       F      G
               +--------+--------+--------+--------+--------+-----+--------+
         Total |   5835 |   5728 |    107 |   1416 |   3398 |   6 |  972.5 |
       Dungeon |   5835 |   5728 |    107 |   1416 |   3398 |   6 |  972.5 |
               +--------+--------+--------+--------+--------+-----+--------+

Top non-repeatable levels by time:
     D:5: 1946 daAuts
     D:1: 1203 daAuts
     D:3: 1094 daAuts
     D:2: 887 daAuts
     D:4: 681 daAuts
     D:6: 23 daAuts
